cohdb
Replays
Latest Replays
All Replays
Popular Replays
Top Player Replays
Match Explorer
How It Works
Community
CoH3 Stats
Reddit
Sign in to upload your games and track your stats! →
Sign in with Steam
Match 36564297
Unlisted
Match 36564297
Overview
Messages
Build Orders
End
Construct Barracks
Riflemen Squad
Riflemen Squad
M1 Mortar Team
Grenade Package
Riflemen Squad
Construct Medical Station
1⁄4-ton 4x4 Truck
Selects Armored Battlegroup
Selects Veteran Crews
Mechanized Support Center
Construct Motor Pool
M1918 Browning Automatic Rifles
M1 Anti-tank Gun Team
M1 Anti-tank Gun Team
M1 Anti-tank Gun Team
Riflemen Squad
Selects Fast Deploy
Selects M8 Scott SPG
Construct Tank Depot
Selects UNKNOWN (2160077)
Selects M31 Recovery Vehicle
Selects War Machine
M4A3E8 Sherman Easy Eight
Designate Forward Repair Station
Bruistablet
MDGR
Nylon
rubberspvp
0
0
Comments
sign in to comment!
No comments posted yet!